 Dungeon Crawl Stone Soup version 0.19-a0-1468-ge013c26 (webtiles) character file.

71 jacquesderrida the Caller (level 4, -9/30 HPs)
             Began as a Demonspawn Summoner on Sept 7, 2016.
             Killed from afar by CypherZel's ghost (10 damage)
             ... with a puff of frost
             ... on level 4 of the Dungeon.
             The game lasted 00:04:51 (903 turns).

jacquesderrida the Caller (Demonspawn Summoner)      Turns: 903, Time: 00:04:52

Health: -9/30      AC:  2    Str:  8    XL:     4   Next: 5%
Magic:  1/7        EV: 14    Int: 17    God:
Gold:   44         SH:  0    Dex: 14    Spells: 3 memorised, 1 level left

rFire  . . .     SeeInvis .     (no weapon)
rCold  . . .     Gourm    .     a - +0 robe
rNeg   . . .     Faith    .     (no shield)
rPois  .         Spirit   .     (no helmet)
rElec  .         Dismiss  .     (no cloak)
rCorr  .         Reflect  .     (no gloves)
MR     .....     Harm     .     (no boots)
Stlth  +++.......               (no amulet)
                                (no ring)
                                (no ring)

@: no status effects
A: repulsion field 1, nightstalker 1
a: no special abilities


You were on level 4 of the Dungeon.
You were hungry.

You visited 1 branch of the dungeon, and saw 4 of its levels.

You collected 44 gold pieces.

Inventory:

Missiles
 e - 2 throwing nets (quivered)
Armour
 a - a +0 robe (worn)
Jewellery
 h - an uncursed amulet of faith
Scrolls
 d - 3 scrolls of identify
 g - a scroll of noise {unknown}
Potions
 i - a potion of resistance {unknown}
 j - a potion of flight {unknown}
 k - a potion of heal wounds {unknown}
Books
 b - a book of Callings

   Spells                             Type                      Level
   a - Summon Small Mammal            Summoning                    1
   b - Call Imp                       Summoning                    2
   c - Call Canine Familiar           Summoning                    3
   d - Summon Guardian Golem          Hexes/Summoning              3
   e - Summon Lightning Spire         Summoning/Air                4
   f - Summon Ice Beast               Ice/Summoning                4
Comestibles
 c - 2 bread rations
 f - a meat ration
 l - 3 chunks of flesh


   Skills:
 - Level 1.7 Dodging
 - Level 1.7 Stealth
 - Level 2.0 Spellcasting
 + Level 5.6 Summonings


You had one spell level left.
You knew the following spells:

 Your Spells              Type           Power        Failure   Level  Hunger
a - Summon Small Mammal   Summ           ###.         1%          1    #......
b - Call Imp              Summ           ###.....     2%          2    ###....
c - Call Canine Familiar  Summ           ###.....     8%          3    ###....


Dungeon Overview and Level Annotations

Branches:
Dungeon (4/15)
 Temple: D:4-7

Altars:
Elyvilon

Annotations:
D:4 CypherZel's ghost, amateur HuIE


Innate Abilities, Weirdness & Mutations

You are surrounded by a mild repulsion field. (EV +2)
You are slightly more attuned to the shadows.


Message History

Your hound closely misses CypherZel's ghost.
CypherZel's ghost points at your hound and mumbles some strange words.
The puff of frost hits your hound.
Your hound barely misses CypherZel's ghost.
Your hound bites CypherZel's ghost but does no damage.
CypherZel's ghost casts a spell at your hound.
Your hound is frozen.
Your hound dies!
Your hound's corpse disappears in a puff of smoke!
CypherZel's ghost turns its malevolent gaze towards you.
CypherZel's ghost says, "Ah, a second chance to prove myself in battle!"
CypherZel's ghost wails.
CypherZel's ghost gestures at you while chanting.
The puff of frost hits you!
* * * LOW HITPOINT WARNING * * *
Some of the chunks of flesh in your inventory have rotted away.
Found a scroll of identify.
CypherZel's ghost casts a spell at you. The puff of frost hits you!
You die...

##.#####.#####............#
...................##.###.#
##.###########..##.##.#
##.##...........##.##.#
##.##.#########W...##.#
##.##.# #.......# ...##.#
#....#### ##.##.# #.#..####
#.##.# #.@......
##.##W###### ##...####
...........# #..##
...##.####.# #?.# .# #.#
#..# .####.# #..# W...#.#
#..# .##...# .######


You could see CypherZel's ghost.

Vanquished Creatures
  A bat (D:2)
1 creature vanquished.

Vanquished Creatures (collateral kills)
  A howler monkey (D:4)
  A worker ant (D:4)
  The ghost of jacquesderrida the Cudgeler, a weakling VSWn (D:3)
  3 adders
  A worm (D:3)
  2 giant geckos
  A giant cockroach (D:3)
  5 goblins
  3 hobgoblins
  A kobold (D:3)
  2 bats
  3 giant newts
  3 rats
27 creatures vanquished.

Grand Total: 28 creatures vanquished

Notes
Turn   | Place    | Note
-------+----------+-------------------------------------------
     0 | D:1      | jacquesderrida the Demonspawn Summoner began the quest for the Orb.
     0 | D:1      | Reached XP level 1. HP: 13/13 MP: 3/3
   347 | D:2      | Gained mutation: You are surrounded by a mild repulsion field. (EV +2) [demonic ancestry]
   347 | D:2      | Reached XP level 2. HP: 17/19 MP: 0/5
   387 | D:2      | Learned a level 2 spell: Call Imp
   440 | D:3      | Found a white marble altar of Elyvilon.
   470 | D:3      | Noticed jacquesderrida's ghost (weakling VSWn)
   493 | D:3      | Killed jacquesderrida's ghost
   568 | D:3      | Reached skill level 5 in Summonings
   568 | D:3      | Gained mutation: You are slightly more attuned to the shadows. [demonic ancestry]
   568 | D:3      | Reached XP level 3. HP: 18/24 MP: 2/6
   759 | D:4      | Reached XP level 4. HP: 30/30 MP: 2/7
   770 | D:4      | Learned a level 3 spell: Call Canine Familiar
   788 | D:4      | Noticed CypherZel's ghost (amateur HuIE)
   902 | D:4      | HP: 1/30 [CypherZel's ghost/puff of frost (10)]
   903 | D:4      | Killed from afar by CypherZel's ghost

Vault maps used:
D:1:      dpeg_arrival_chase
D:2:      serial_bayou_lagoon_a, minmay_pentomino_z2
D:3:      grunt_ministairs_12, elyvilon_altar_5
D:4:      first_bread

Skill      XL: |  1  2 |
---------------+-------+-----
Summonings     | 5 |  5.6
Dodging        | |  1.7
Stealth        | |  1.7
Spellcasting   | |  2.0

Action                   |  1- 3 |  4- 6 || total
-------------------------+-------+-------++-------
Melee: Unarmed           |    14 |       ||    14
 Cast: Summon Small Mamm |    24 |       ||    24
       Call Imp          |    12 |       ||    12
       Call Canine Famil |       |     5 ||     5
  Use: Scroll            |     2 |       ||     2
  Eat: Chunk             |       |     1 ||     1
Armor: Robe              |    14 |       ||    14
Dodge: Dodged            |    43 |       ||    43
